 Dungeon Crawl Stone Soup version 0.31.0-9-g3a7656b989 (webtiles) character file.

Game seed: 7927298788454130169

46 qw the Shooter (level 3, -12/18 HPs)
             Began as a Spriggan Hunter on Feb 2, 2024.
             Mangled by an ogre
             ... wielding a +0 giant spiked club
              (30 damage)
             ... on level 4 of the Dungeon.
             The game lasted 00:00:03 (681 turns).

qw the Shooter (Spriggan Hunter)                     Turns: 681, Time: 00:00:04

Health: -12/18     AC:  2    Str:  7    XL:     3   Next: 46%
Magic:  4/4        EV: 19    Int: 10    God:
Gold:   38         SH:  0    Dex: 20    Spells: 2/2 levels left

rFire   . . .        a - +0 shortbow
rCold   . . .        (shield currently unavailable)
rNeg    . . .        c - +0 robe
rPois   .            (helmet restricted)
rElec   .            (no cloak)
rCorr   .            (gloves unavailable)
SInv    +            (boots unavailable)
Will    .....        (no amulet)
Stlth   ++           (no ring)
HPRegen 0.23/turn    (no ring)
MPRegen 0.09/turn

%: no passive effects
@: very quick
A: very small, no large weapons, unfitting armour, see invisible, speed 3
a: no special abilities


You were on level 4 of the Dungeon.
You visited 1 branch of the dungeon, and saw 3 of its levels.

You collected 38 gold pieces.


Innate Abilities, Weirdness & Mutations

You are very small and have problems with some larger weapons.
You are too small for most types of armour.
You have supernaturally acute eyesight. (SInv)
You cover ground extremely quickly. (Speed+++)


   Skills:
 - Level 1.5 Fighting
 + Level 4.7 Ranged Weapons
 - Level 4.0 Dodging
 - Level 1.5 Stealth


You had 2 spell levels left.
You didn't know any spells.
Your spell library was empty.

Inventory:

Hand Weapons
 a - a +0 shortbow (weapon)
Armour
 c - a +0 robe (worn)
Scrolls
 b - a scroll of poison {unknown}
Potions
 h - a potion of curing {unknown}

Dungeon Overview and Level Annotations

Branches:
Dungeon (2/15)

Altars:


Message History

You shoot an arrow. The arrow hits the adder!
You kill the adder!
Found a stone staircase leading up.
Found a ring mail.
b - a scroll labelled USTRAI EBREIPN A bat comes into view.
A rat comes into view.
The bat moves out of view.
You shoot an arrow. The arrow closely misses the rat.
The rat squeaks loudly.
A rat is nearby!
You shoot an arrow. The arrow hits the rat.
You kill the rat!
Found a book of Debilitation.
A malevolent force fills the Dungeon...
You fall into a shaft and drop 2 floors!
The shaft crumbles and collapses.
Found a quarterstaff and a scroll of teleportation.
Waypoint 2 assigned to D:4.
Found an escape hatch in the floor.
An ogre comes into view. It is wielding a +0 giant spiked club.
Found a blue potion and a runed opal ring.
You shoot an arrow. The arrow hits the ogre!
The ogre is moderately wounded.
You shoot an arrow. The arrow hits the ogre.
The ogre is moderately wounded.
You shoot an arrow.
The arrow hits the ogre but does no damage.
The ogre is moderately wounded.
You shoot an arrow. The arrow hits the ogre!
The ogre is severely wounded.
You shoot an arrow. The arrow hits the ogre.
The ogre is almost dead.
You shoot an arrow. The arrow barely misses the ogre.
The ogre closely misses you.
You shoot an arrow. The arrow barely misses the ogre.
You shoot an arrow. The arrow barely misses the ogre.
The ogre misses you.
You shoot an arrow. The arrow barely misses the ogre.
The ogre hits you with a +0 giant spiked club!!
Ouch! That really hurt!
You die...

...^......
.........# ..
=......?.####...
............#..>
................
..............#
......O.....##
#.....@.....##
#!...###......#
##. #......##
#.....## ##...##
.)..# ##...#
#####


You could see an ogre.

Vanquished Creatures
  An adder (D:2)
  A dart slug (D:1)
  2 endoplasms (D:1)
  2 giant cockroaches (D:1)
  4 goblins
  A hobgoblin (D:1)
  4 kobolds
  2 quokkas (D:1)
  3 ball pythons (D:1)
  7 bats
  3 frilled lizards (D:1)
  5 rats
35 creatures vanquished.

Notes
Turn   | Place    | Note
-------+----------+-------------------------------------------
     0 | D:1      | qw the Spriggan Hunter began the quest for the Orb.
     0 | D:1      | Reached XP level 1. HP: 10/10 MP: 2/2
     0 | D:1      | 0 ||| qw: Version: 0.3-a-155-g5e7d8dd
     0 | D:1      | 0 ||| qw: Game counter: 1062
     0 | D:1      | 0 ||| qw: Melee chars always use a shield: true
     0 | D:1      | 0 ||| qw: God list: Okawaru
     0 | D:1      | 0 ||| qw: Allow faded altars: false
     0 | D:1      | 0 ||| qw: Do Orc after clearing Dungeon:15 true
     0 | D:1      | 0 ||| qw: Do second Lair branch before Depths: true
     0 | D:1      | 0 ||| qw: Lair rune preference: random
     0 | D:1      | 0 ||| qw: Goals: Normal
     0 | D:1      | 0 ||| PLANNING D:1-11
    36 | D:1      | Reached skill level 3 in Dodging
   107 | D:1      | Reached XP level 2. HP: 14/14 MP: 3/3
   171 | D:1      | Found a faded altar of an unknown god.
   540 | D:1      | 540 ||| READING scroll labelled NOIQOD LEUN.
   543 | D:1      | 543 ||| READING 2 scrolls labelled XOTOXO TUSTIGANI.
   544 | D:1      | 544 ||| READING scroll labelled WUFAUGU XUOLITT.
   545 | D:1      | 545 ||| READING scroll labelled OCUPRADUAN.
   546 | D:1      | 546 ||| DROPPING scroll of butterflies.
   547 | D:1      | 547 ||| DROPPING scroll of immolation.
   578 | D:2      | 578 ||| STAIRDANCE
   594 | D:2      | 594 ||| STAIRDANCE
   610 | D:2      | 610 ||| STAIRDANCE
   613 | D:1      | Reached XP level 3. HP: 15/18 MP: 4/4
   627 | D:2      | 627 ||| STAIRDANCE
   670 | D:2      | You fall into a shaft and drop 2 floors!
   672 | D:4      | Noticed an ogre
   681 | D:4      | Mangled by an ogre

Levels and vault maps discovered:
D:1:      dpeg_arrival_leaves_temple_mockup, layout_rooms, serial_forest,
          infiniplex_forest_corner_2, infiniplex_forest_end_2,
          infiniplex_forest_lined_3, infiniplex_forest_straight_2,
          infiniplex_forest_lined_2, infiniplex_forest_lined_ring,
          infiniplex_forest_lined_2, nicolae_ecumenical_snake_handling
D:2:      layout_rooms, basic_altar, minmay_pentomino_w2
D:4:      layout_cave_pools, trog_book, minmay_temple_entry_statues_fountains,
          st_stairs_8, uniq_sigmund

Skill      XL: |  1  2 |
---------------+-------+-----
Dodging        | 3 4 |  4.0
Fighting       | |  1.5
Ranged Weapons | |  4.7
Stealth        | |  1.5

Action                     || total
---------------------------++-------
   Fire: Shortbow          ||    86
    Use: Scroll            ||     4
 Armour: Robe              ||    11
  Dodge: Dodged            ||    48

Table legend:
 A = Non-vault XP
 B = Vault XP
 C = Vault XP percentage of total XP
 D = Non-vault monster count
 E = Vault monster count
 F = Vault count percentage of total count
                 A         B        C        D         E       F
            +---------+---------+-------+---------+---------+-------
      Total |      62 |       5 |   7.5 |      32 |       3 |   8.6
            +---------+---------+-------+---------+---------+-------
        D:1 |      40 |       3 |   7.0 |      26 |       2 |   7.1
        D:2 |      22 |       2 |   8.3 |       6 |       1 |  14.3
            +---------+---------+-------+---------+---------+-------
